 Dungeon Crawl Stone Soup version 0.16.3-4-gc506b73efe (webtiles) character file.

25155 MordorOrchid the Arsonist (level 13, -4/86 HPs)
             Began as an Octopode Fire Elementalist on Mar 24, 2020.
             Was a High Priest of Vehumet.
             Slain by an orc warlord
             ... wielding a +0 glaive of flaming
              (22 damage)
             ... on level 4 of the Orcish Mines on Nov 2, 2020.
             The game lasted 01:58:49 (12976 turns).

MordorOrchid the Arsonist (OpFE)                   Turns: 12976, Time: 01:58:49

Health: -4/86      AC:  4    Str: 13    XL:     13   Next: 17%
Magic:  10/50      EV: 19    Int: 26    God:    Vehumet [*****.]
Gold:   2096       SH:  8    Dex: 14    Spells: 7 memorised, 10 levels left

rFire  . . .     SeeInvis .     O - staff of fire
rCold  + . .     Clarity  .     V - +3 buckler
rNeg   . . .     SustAb   .     e - +3 hat of Pondering {ponderous, MR+ MP+10 Int+5}
rPois  .         Gourm    .     (no amulet)
rElec  .         Spirit   .     q - ring of wizardry
rCorr  .         Warding  .     H - +2 ring of evasion
rMut   .         Stasis   .     P - +4 ring of strength
MR     +....                    T - +2 ring of strength
Stlth  ++++......               N - ring of ice
                                Q - ring of magical power
                                (no ring)
                                (no ring)

@: slow, somewhat resistant to hostile enchantments, stealthy
A: almost no armour, amphibious, 8 rings, constrict 8, camouflage 1, gelatinous
body 1
a: Renounce Religion


You were on level 4 of the Orcish Mines.
You worshipped Vehumet.
Vehumet was extremely pleased with you.
You were not hungry.

You visited 2 branches of the dungeon, and saw 16 of its levels.
You also visited: Bailey and Ice Cave.

You collected 2252 gold pieces.
You spent 156 gold pieces at shops.

Inventory:

Hand weapons
 a - the +9 whip of Valour {holy, +Blink rN+ Dex+3}
   (You found it on level 6 of the Dungeon)

   It has been blessed by the Shining One to cause great damage to the undead
   and demons.
   It affects your dexterity (+3).
   It protects you from negative energy.
   It lets you blink.
 j - a +0 greatsling of freezing
 y - a +3 dagger of venom
Missiles
 b - 4 javelins
 h - 39 sling bullets
 u - 18 tomahawks (quivered)
 w - 4 throwing nets
 U - 82 tomahawks of returning
Armour
 e - the +3 hat of Pondering (worn) {ponderous, MR+ MP+10 Int+5}
   (You took it off Gastronok on level 11 of the Dungeon)

   It affects your intelligence (+5).
   It affects your resistance to hostile enchantments.
   It affects your magic capacity (+10).
 V - a +3 buckler (worn)
Magical staves
 t - an uncursed staff of cold
 O - an uncursed staff of fire (weapon)
Jewellery
 q - a ring of wizardry (left tentacle)
 z - an uncursed ring of fire
 H - a +2 ring of evasion (right tentacle)
 N - a ring of ice (on tentacle)
 P - a +4 ring of strength (on tentacle)
 Q - a ring of magical power (on tentacle)
 T - a +2 ring of strength (on tentacle)
 X - an uncursed amulet of stasis
Magical devices
 d - a wand of confusion (18)
 p - a wand of paralysis (11)
 B - a wand of enslavement (11)
 D - a wand of lightning (6)
 E - a wand of slowing (33)
 G - a wand of draining (0)
 M - a wand of polymorph (8)
 R - a wand of teleportation (2)
 S - a wand of disintegration (5)
Scrolls
 k - 5 scrolls of teleportation
 v - a scroll of recharging
 F - 3 scrolls of remove curse
 L - a scroll of fog
 W - a scroll of immolation
 Z - a scroll of summoning
Potions
 f - 4 potions of might
 g - 6 potions of curing
 i - 2 potions of resistance {unknown}
 m - a potion of invisibility
 o - a potion of cure mutation {unknown}
 r - 2 potions of brilliance {unknown}
 x - a potion of poison {unknown}
 A - 4 potions of agility
 C - a potion of heal wounds
 J - a potion of restore abilities
 K - a potion of haste
Comestibles
 c - 12 bread rations
 l - 4 fruits
 n - 3 chunks of flesh
 s - a slice of pizza
 I - a beef jerky


   Skills:
 * Level 7.3 Fighting
 * Level 4.2 Throwing
 * Level 8.6 Dodging
 - Level 3.0 Stealth
 - Level 4.1 Shields
 + Level 9.7 Spellcasting
 + Level 9.6 Conjurations
 + Level 10.3 Fire Magic
 + Level 2.9 Air Magic
 - Level 5.4 Evocations


You had 10 spell levels left.
You knew the following spells:

 Your Spells              Type           Power        Failure   Level  Hunger
a - Flame Tongue          Conj/Fire      #####        1%          1    None
b - Throw Flame           Conj/Fire      ######       1%          2    None
c - Conjure Flame         Conj/Fire      ######..     1%          3    None
d - Inner Flame           Hex/Fire       #####...     1%          3    None
e - Sticky Flame          Conj/Fire      ######..     1%          4    None
f - Fireball              Conj/Fire      ######....   1%          5    ####...
g - Mephitic Cloud        Conj/Pois/Air  ####....     1%          3    None


Dungeon Overview and Level Annotations

Branches:
Dungeon (12/15)            Temple (0/1) D:5            Lair (0/8) D:11
    Orc (4/4) D:12            Elf (0/3) Orc:3

Altars:
Ashenzari
Cheibriados
Dithmenos
Fedhas
Kikubaaqudgha
Makhleb
Ru
Sif Muna
Trog
Vehumet
Yredelemnul
The Shining One
Beogh

Shops:
Orc:1 ?   Orc:3 [   Orc:4 }

Annotations:
D:4 Grinder


Innate Abilities, Weirdness & Mutations

You cannot wear most types of armour.
You are amphibious.
You can wear up to eight rings at the same time.
You can use your tentacles to constrict many enemies at once.
Your skin changes colour to match your surroundings (Stealth).
Your rubbery body absorbs attacks (AC +1).


Message History

Zapping:
G - a wand of draining (1)
Press: ? - help, Shift-Dir - straight line, f/p - orc warlord
Aim: an orc warlord, wielding a glaive of flaming and wearing a chain mail (severely wounded, lightly drained)
The bolt of negative energy hits the orc warlord.
The orc warlord is drained!
The orc warlord is almost dead.
This wand has 0 charges left.
Evoke which item? (* to show all) (? for menu, Esc to quit)
This wand has no charges.
Casting: Mephitic Cloud
Confirm with . or Enter, or press ? or * to list all spells.
Aiming: Mephitic Cloud
Press: ? - help, Shift-Dir - straight line, f/p - orc warlord
Aim: an orc warlord, wielding a glaive of flaming and wearing a chain mail (almost dead, lightly drained)
The ball explodes into a vile cloud!
The stinking cloud engulfs the orc warlord.
The orc warlord is almost dead.
The orc warlord is engulfed in noxious fumes.
The orc warlord hits you from afar with a glaive of flaming!!
You die...

#......###...........
####...######.........#
....#........#.##..........#
.....o.......)).#...[........#
..........##...).............#
... 8..... #.#...)............ ..
.. #### ####......#.####...... .
##.......#######..... #
#...@.....###.#...... #
#§.§........#<....... #
#####o..###....#.......^ ####
####.#.§.§..##.........# #
#..####.##§.......##........# #
.........##...<..####[.....### #
...)).)..§§...#.#.##.........####
.........#.....∩...##............
.....(...##.#.#.#.[#.[...........


You could see an orc warlord.

Vanquished Creatures
  Gastronok (D:11)
  Fannar (Orc:2)
  Harold (D:11)
  A hydra (D:11)
  Urug (D:11)
  2 orc high priests
  Erolcha (Orc:2)
  2 ice statues (IceCv)
  Pikel (D:6)
  3 orc knights
  2 orc sorcerers (Orc:4)
  3 hill giants (D:10)
  A manticore (D:11)
  Maurice (Orc:4)
  A centaur skeleton (D:11)
  A kobold demonologist (D:11)
  4 trolls
  A polar bear (Orc:1)
  A boulder beetle (Orc:4)
  A wraith (D:11)
  A spriggan (D:8)
  2 wyverns (D:12)
  A hungry ghost (D:9)
  7 yaks
  Grum (Orc:3)
  3 wargs (Orc:1)
  Edmund (D:9)
  A mottled dragon (D:11)
  4 wolves
  3 water moccasins
  A slave (D:6)
  5 ogres
  9 ice beasts
  A necrophage (D:10)
  4 phantoms
  4 sky beasts
  30 orc warriors
  2 centaurs
  A gnoll sergeant (D:9)
  2 big kobolds
  3 giant frogs
  4 scorpions
  2 troll zombies (D:9)
  An electric eel (D:7)
  7 wights
  6 crimson imps
  2 goliath beetles
  32 orc priests
  3 hounds
  A jelly (D:6)
  3 giant frog skeletons
  A giant frog zombie (D:5)
  30 orc wizards
  6 worker ants
  6 ogre zombies (D:9)
  A hound skeleton (D:10)
  2 worker ant zombies
  14 adders
  15 gnolls
  A shadow imp (D:6)
  A worm (D:3)
  An adder zombie (D:5)
  An adder skeleton (D:6)
  7 giant geckos
  2 oozes
  168 orcs
  6 bats
  2 bat skeletons (D:5)
  4 giant cockroaches (D:3)
  30 goblins
  22 hobgoblins
  15 jackals
  39 kobolds
  3 quokkas
  3 ball pythons
  3 giant newts
  2 gnoll zombies (D:2)
  2 goblin skeletons (D:9)
  5 goblin zombies (D:9)
  4 hobgoblin zombies (D:9)
  A jackal zombie (D:6)
  5 orc skeletons (D:9)
  9 orc zombies (D:9)
  7 rats
595 creatures vanquished.

Notes
Turn   | Place    | Note
--------------------------------------------------------------
     0 | D:1      | MordorOrchid, the Octopode Fire Elementalist, began the quest for the Orb.
     0 | D:1      | Reached XP level 1. HP: 11/11 MP: 3/3
     0 | D:1      | Upgraded the game from 0.16.3 to 0.16.3-4-gc506b73efe
   357 | D:1      | Reached XP level 2. HP: 18/18 MP: 2/4
   460 | D:1      | Learned a level 2 spell: Throw Flame
   579 | D:2      | Reached skill level 1 in Fighting
   579 | D:2      | Reached XP level 3. HP: 16/23 MP: 0/6
   591 | D:2      | Learned a level 3 spell: Conjure Flame
   836 | D:2      | Found a basalt altar of Yredelemnul.
  1020 | D:2      | Reached XP level 4. HP: 28/28 MP: 4/8
  1653 | D:3      | Reached XP level 5. HP: 26/34 MP: 1/9
  2251 | D:3      | Found a bloodstained altar of Trog.
  2271 | D:3      | Found a sacrificial altar of Ru.
  2364 | D:3      | Learned a level 3 spell: Inner Flame
  2544 | D:3      | Found a blossoming altar of Fedhas.
  2545 | D:3      | Found a radiant altar of Vehumet.
  2545 | D:3      | Found a snail-covered altar of Cheibriados.
  2547 | D:3      | Found a glowing golden altar of the Shining One.
  2551 | D:3      | Found an ancient bone altar of Kikubaaqudgha.
  2567 | D:3      | Became a worshipper of Vehumet
  2886 | D:4      | Reached XP level 6. HP: 21/39 MP: 0/11
  2924 | D:4      | Found a shattered altar of Ashenzari.
  2953 | D:4      | Reached skill level 4 in Fire Magic
  2999 | D:4      | Noticed Grinder
  3005 | D:4      | Noticed a phantom
  3184 | D:4      | Killed a phantom
  3184 | D:4      | Reached skill level 1 in Evocations
  3459 | D:4      | Reached XP level 7. HP: 45/45 MP: 7/14
  3522 | D:4      | Acquired Vehumet's first power
  3522 | D:4      | Offered knowledge of Shock by Vehumet.
  3605 | D:4      | Noticed a centaur
  3622 | D:4      | Killed a centaur
  3863 | D:5      | Entered Level 5 of the Dungeon
  4039 | D:5      | Learned a level 4 spell: Sticky Flame
  4127 | D:5      | Found a staircase to the Ecumenical Temple.
  4142 | D:5      | Found a glowing golden altar of the Shining One.
  4434 | D:6      | Found a shadowy altar of Dithmenos.
  4434 | D:6      | Found a sacrificial altar of Ru.
  4454 | D:6      | Noticed Pikel
  4529 | D:6      | Reached XP level 8. HP: 43/50 MP: 12/17
  4591 | D:6      | Reached skill level 5 in Fire Magic
  4613 | D:6      | Got an ancient whip
  4614 | D:6      | Identified the +9 whip of Valour {holy, +Blink rN+ Dex+3} (You found it on level 6 of the Dungeon)
  4662 | D:6      | Offered knowledge of Freeze by Vehumet.
  4861 | D:6      | Killed Pikel
  4861 | D:6      | Reached skill level 5 in Conjurations
  4918 | D:6      | Reached skill level 5 in Spellcasting
  4999 | D:7      | Reached skill level 6 in Fire Magic
  4999 | D:7      | Reached XP level 9. HP: 50/54 MP: 2/21
  5014 | D:7      | Learned a level 5 spell: Fireball
  5470 | D:8      | Found a deep blue altar of Sif Muna.
  5647 | D:8      | Reached skill level 5 in Evocations
  5698 | D:8      | Reached skill level 5 in Dodging
  5804 | D:8      | Offered knowledge of Stone Arrow by Vehumet.
  6193 | D:8      | Reached skill level 7 in Fire Magic
  6302 | D:9      | Acquired Vehumet's second power
  6483 | D:9      | Reached XP level 10. HP: 61/63 MP: 7/24
  6641 | D:9      | Noticed Edmund
  6644 | D:9      | Killed Edmund
  6674 | D:9      | Offered knowledge of Force Lance by Vehumet.
  6900 | D:9      | Found a staircase to the Orcish Mines.
  6960 | D:9      | Acquired Vehumet's third power
  7037 | D:9      | Offered knowledge of Mephitic Cloud by Vehumet.
  7278 | D:9      | Reached skill level 1 in Shields
  7400 | D:10     | Entered Level 10 of the Dungeon
  7533 | D:10     | Noticed a hill giant
  7538 | D:10     | Killed a hill giant
  7600 | D:10     | Noticed a hill giant
  7642 | D:10     | Reached skill level 8 in Fire Magic
  7675 | D:10     | Noticed a hill giant
  7719 | D:10     | Killed a hill giant
  7756 | D:10     | Learned a level 3 spell: Mephitic Cloud
  7828 | D:10     | Killed a hill giant
  7828 | D:10     | Reached XP level 11. HP: 70/70 MP: 5/26
  8171 | D:11     | Reached skill level 1 in Air Magic
  8223 | D:11     | Noticed Gastronok
  8277 | D:11     | Noticed Harold
  8328 | D:11     | Noticed a seven-headed hydra
  8342 | D:11     | Killed a seven-headed hydra
  8342 | D:11     | Reached skill level 5 in Fighting
  8386 | D:11     | Noticed Urug
  8646 | D:11     | Found a staircase to the Lair.
  8676 | D:11     | Offered knowledge of Iskenderun's Mystic Blast by Vehumet.
  8858 | D:11     | Killed Gastronok
  9005 | D:11     | Killed Harold
  9069 | D:11     | Killed Urug
  9174 | D:12     | Found a flagged portal.
  9197 | Bailey   | Entered a bailey
  9271 | Bailey   | Noticed an orc knight
  9276 | Bailey   | Reached skill level 9 in Fire Magic
  9285 | Bailey   | Killed an orc knight
  9517 | D:12     | Reached skill level 1 in Throwing
  9723 | D:12     | Reached XP level 12. HP: 78/78 MP: 26/28
  9959 | D:12     | Found a staircase to the Orcish Mines.
  9970 | D:12     | Found a roughly hewn altar of Beogh.
 10128 | Orc:1    | Entered Level 1 of the Orcish Mines
 10180 | Orc:1    | Found Girul's Magic Scroll Boutique.
 10213 | Orc:1    | Bought a scroll of fog for 24 gold pieces
 10213 | Orc:1    | Bought a scroll of teleportation for 36 gold pieces
 10213 | Orc:1    | Bought a scroll of identify for 24 gold pieces
 10213 | Orc:1    | Bought a scroll of identify for 24 gold pieces
 10213 | Orc:1    | Bought a scroll of identify for 24 gold pieces
 10213 | Orc:1    | Bought a scroll of identify for 24 gold pieces
 10229 | Orc:1    | Found a frozen archway.
 10321 | IceCv    | Entered an ice cave
 10326 | IceCv    | Offered knowledge of Ignite Poison by Vehumet.
 10673 | Orc:1    | Found a burning altar of Makhleb.
 10906 | Orc:3    | Found Unaotrio's Antique Armour Emporium.
 11187 | Orc:3    | Found a roughly hewn altar of Beogh.
 11187 | Orc:3    | Noticed an orc high priest
 11196 | Orc:3    | Killed an orc high priest
 11357 | Orc:2    | Noticed Erolcha
 11360 | Orc:2    | Noticed Fannar
 11361 | Orc:2    | Killed Erolcha
 11367 | Orc:2    | Killed Fannar
 11371 | Orc:2    | Noticed Grum
 11486 | Orc:3    | Killed Grum
 11774 | Orc:3    | Offered knowledge of Venom Bolt by Vehumet.
 11780 | Orc:4    | Entered Level 4 of the Orcish Mines
 11804 | Orc:4    | Found Psyigur's Gadget Emporium.
 12072 | Orc:4    | Noticed Maurice
 12103 | Orc:4    | Killed Maurice
 12152 | Orc:4    | Noticed an orc high priest
 12155 | Orc:4    | Killed an orc high priest
 12155 | Orc:4    | Reached skill level 10 in Fire Magic
 12267 | Orc:3    | Found a staircase to the Elven Halls.
 12285 | Orc:3    | Reached XP level 13. HP: 68/85 MP: 21/30
 12768 | Orc:4    | Noticed an orc warlord
 12885 | Orc:4    | Found a roughly hewn altar of Beogh.
 12976 | Orc:4    | Slain by an orc warlord

Action                   |  1- 3 |  4- 6 |  7- 9 | 10-12 | 13-15 || total
-------------------------+-------+-------+-------+-------+-------++-------
Melee: Dagger            |    26 |    30 |    54 |    13 |     6 ||   129
       Staff             |       |       |    14 |    11 |     1 ||    26
       Whip              |       |       |     8 |    36 |       ||    44
 Fire: Hunting sling     |       |     3 |     2 |     7 |       ||    12
Throw: Tomahawk          |       |     1 |       |       |       ||     1
 Cast: Flame Tongue      |    22 |    69 |   108 |   238 |    26 ||   463
       Throw Flame       |     5 |    30 |    71 |   155 |    26 ||   287
       Conjure Flame     |     1 |     4 |    22 |    22 |     1 ||    50
       Sticky Flame      |       |       |    10 |    28 |     7 ||    45
       Inner Flame       |       |       |     4 |     4 |       ||     8
       Fireball          |       |       |     4 |   145 |    30 ||   179
       Mephitic Cloud    |       |       |       |     7 |     4 ||    11
 Abil: Evoke Blink       |       |       |     1 |     3 |       ||     4
Evoke: Wand              |       |       |     3 |     8 |     5 ||    16
  Use: Scroll            |     1 |    10 |     7 |    10 |       ||    28
       Potion            |       |     1 |       |     1 |       ||     2
 Stab: Sleeping          |     8 |     2 |     6 |     2 |     1 ||    19
       Confused          |       |       |       |     2 |       ||     2
  Eat: Chunk             |     1 |    10 |    15 |    45 |     7 ||    78
       Fruit             |       |     2 |     1 |     3 |       ||     6
       Pizza             |       |       |       |     1 |       ||     1
